3A
MYRTLE BEACH SEAHAWKS @ MANCELONA TORCH
07/18/2028
 
TOP OF THE 1ST
Myrtle Beach Seahawks batting - Pitching for Mancelona Torch : RHP John Castle
Pitching: RHP John Castle
Batting: RHB Tucker Kinney 0-0: Foul Ball, location: 2F
0-1: Foul Ball, location: 2F
0-2: Ball
1-2: SINGLE (Flyball, 89S)
Batting: RHB Juan Mata 0-0: Fly out, F5 (Line Drive, 5)
Batting: RHB Aquiles Morda 0-0: Ball
1-0: Ball
2-0: Ball
3-0: Called Strike
3-1: Called Strike
3-2: Strikes out swinging
Batting: RHB Francisco Moreno 0-0: Foul Ball, location: 2F
0-1: Ball
1-1: Foul Ball, location: 2F
1-2: Foul Ball, location: 2F
1-2: Strikes out looking
Top of the 1st over - 0 run(s), 1 hit(s), 0 error(s), 1 left on base; Myrtle Beach 0 - Mancelona 0
BOTTOM OF THE 1ST
Mancelona Torch batting - Pitching for Myrtle Beach Seahawks : LHP Carlos González
Pitching: LHP Carlos González
Batting: LHB Jim Halpert 0-0: Ball
1-0: Ground out U3 (Groundball, 3S)
Batting: RHB Alex Vaske 0-0: Ball
1-0: Called Strike
1-1: Called Strike
1-2: Ball
2-2: Foul Ball, location: 2F
2-2: Ball
3-2: Base on Balls
Batting: LHB Yu-zeng Si 0-0: Ball
Alex Vaske is caught stealing 2nd base
1-0: Ball
2-0: Called Strike
2-1: Foul Ball, location: 2F
2-2: Strikes out swinging
Bottom of the 1st over - 0 run(s), 0 hit(s), 0 error(s), 0 left on base; Myrtle Beach 0 - Mancelona 0
TOP OF THE 2ND
Myrtle Beach Seahawks batting - Pitching for Mancelona Torch : RHP John Castle
Batting: LHB Peter Ough 0-0: Called Strike
0-1: Called Strike
0-2: DOUBLE (Line Drive, 9)
Batting: RHB Doug Allerdale 0-0: Called Strike
0-1: Called Strike
0-2: Foul Ball, location: 2F
0-2: Ball
1-2: Strikes out swinging
Batting: LHB Joo-young Yo 0-0: Called Strike
0-1: Foul Ball, location: 2F
0-2: Strikes out swinging
Batting: RHB Andy Llewellyn 0-0: Swinging Strike
0-1: DOUBLE (Flyball, 78D)
Peter Ough scores
Batting: RHB Howard Lee 0-0: SINGLE (Groundball, 56D)
Andy Llewellyn to third
Runner from 3rd tries for Home, SAFE, no throw
Batting: RHB Tucker Kinney 0-0: SINGLE (Groundball, 56D)
Howard Lee to second
Batting: RHB Juan Mata 0-0: Ball
1-0: Called Strike
1-1: Ball
2-1: Ball
3-1: DOUBLE (Line Drive, 78XD)
Howard Lee scores
Tucker Kinney to third
Batting: RHB Aquiles Morda 0-0: Called Strike
0-1: Called Strike
0-2: Ball
1-2: Foul Ball, location: 2F
1-2: Ball
2-2: Foul Ball, location: 2F
2-2: Ball
3-2: Foul Ball, location: 2F
3-2: Base on Balls
Batting: RHB Francisco Moreno 0-0: Called Strike
0-1: Fielders Choice at 2nd, 6-4 (Groundball, 6)
Top of the 2nd over - 3 run(s), 5 hit(s), 0 error(s), 2 left on base; Myrtle Beach 3 - Mancelona 0
BOTTOM OF THE 2ND
Mancelona Torch batting - Pitching for Myrtle Beach Seahawks : LHP Carlos González
Batting: RHB Kyle Vandenbrink 0-0: Foul Ball, location: 2F
0-1: Fly out, F8 (Flyball, 8RS)
Batting: LHB Alberto Hernández 0-0: Ball
1-0: Ground out 4-3 (Groundball, 4)
Batting: LHB Badry Maksimenov 0-0: Ball
1-0: Ball
2-0: Called Strike
2-1: Ball
3-1: Fly out, F8 (Flyball, 78M)
Bottom of the 2nd over - 0 run(s), 0 hit(s), 0 error(s), 0 left on base; Myrtle Beach 3 - Mancelona 0
TOP OF THE 3RD
Myrtle Beach Seahawks batting - Pitching for Mancelona Torch : RHP John Castle
Batting: LHB Peter Ough 0-0: Called Strike
0-1: Fly out, F7 (Line Drive, 7)
Batting: RHB Doug Allerdale 0-0: Ball
1-0: Called Strike
1-1: Ball
2-1: Foul Ball, location: 2F
2-2: Strikes out looking
Batting: LHB Joo-young Yo 0-0: Ball
1-0: Called Strike
1-1: Called Strike
1-2: Ball
2-2: Strikes out swinging
Top of the 3rd over - 0 run(s), 0 hit(s), 0 error(s), 0 left on base; Myrtle Beach 3 - Mancelona 0
BOTTOM OF THE 3RD
Mancelona Torch batting - Pitching for Myrtle Beach Seahawks : LHP Carlos González
Batting: RHB Tony Lugo 0-0: Fly out, F6 (Flyball, 6MD)
Batting: RHB Ratko Ralevic 0-0: Called Strike
0-1: Swinging Strike
0-2: Ball
1-2: Foul Ball, location: 2F
1-2: Strikes out swinging
Batting: RHB Armando Pacheco 0-0: Ball
1-0: Ball
2-0: Ball
3-0: Called Strike
3-1: Fly out, F8 (Flyball, 89S)
Bottom of the 3rd over - 0 run(s), 0 hit(s), 0 error(s), 0 left on base; Myrtle Beach 3 - Mancelona 0
TOP OF THE 4TH
Myrtle Beach Seahawks batting - Pitching for Mancelona Torch : RHP John Castle
Batting: RHB Andy Llewellyn 0-0: Ball
1-0: Ground out U3 (Groundball, 34S)
Batting: RHB Howard Lee 0-0: Swinging Strike
0-1: Foul Ball, location: 2F
0-2: Strikes out swinging
Batting: RHB Tucker Kinney 0-0: Swinging Strike
0-1: Foul Ball, location: 2F
0-2: Foul Ball, location: 2F
0-2: Ball
1-2: Strikes out looking
Top of the 4th over - 0 run(s), 0 hit(s), 0 error(s), 0 left on base; Myrtle Beach 3 - Mancelona 0
BOTTOM OF THE 4TH
Mancelona Torch batting - Pitching for Myrtle Beach Seahawks : LHP Carlos González
Batting: LHB Jim Halpert 0-0: Swinging Strike
0-1: Ball
1-1: Ball
2-1: Called Strike
2-2: Fly out, F4 (Line Drive, 4)
Batting: RHB Alex Vaske 0-0: Ball
1-0: Ball
2-0: Ball
3-0: Foul Ball, location: 2F
3-1: Base on Balls
Batting: LHB Yu-zeng Si 0-0: Ball
1-0: Swinging Strike
1-1: Fly out, F8 (Flyball, 89M)
Batting: RHB Kyle Vandenbrink 0-0: Called Strike
0-1: Ball
1-1: Ball
2-1: Ground out 4-3 (Groundball, 4D)
Bottom of the 4th over - 0 run(s), 0 hit(s), 0 error(s), 1 left on base; Myrtle Beach 3 - Mancelona 0
TOP OF THE 5TH
Myrtle Beach Seahawks batting - Pitching for Mancelona Torch : RHP John Castle
Batting: RHB Juan Mata 0-0: Swinging Strike
0-1: Foul Ball, location: 2F
0-2: Strikes out swinging
Batting: RHB Aquiles Morda 0-0: Foul Ball, location: 2F
0-1: Called Strike
0-2: Foul Ball, location: 2F
0-2: Strikes out swinging
Batting: RHB Francisco Moreno 0-0: Ball
1-0: Foul Ball, location: 2F
1-1: SINGLE (Line Drive, 6M)
Batting: LHB Peter Ough 0-0: Ball
1-0: Ground out 3-1 (Groundball, 23)
Top of the 5th over - 0 run(s), 1 hit(s), 0 error(s), 1 left on base; Myrtle Beach 3 - Mancelona 0
BOTTOM OF THE 5TH
Mancelona Torch batting - Pitching for Myrtle Beach Seahawks : LHP Carlos González
Batting: LHB Alberto Hernández 0-0: Ball
1-0: Called Strike
1-1: Foul Ball, location: 2F
1-2: Ball
2-2: Foul Ball, location: 2F
2-2: Ball
3-2: Fly out, F9 (Flyball, 89M)
Batting: LHB Badry Maksimenov 0-0: Called Strike
0-1: Reached on error, E7 (Flyball, 78M)
Batting: RHB Tony Lugo 0-0: Foul Ball, location: 2F
0-1: Called Strike
0-2: Ground out 5-3 (Groundball, 56S)
Badry Maksimenov to second
Batting: RHB Ratko Ralevic 0-0: Foul Ball, location: 2F
0-1: Ball
1-1: Ball
2-1: Reached on error, E4 (Groundball, 4M)
Badry Maksimenov scores
Batting: RHB Armando Pacheco 0-0: Called Strike
0-1: Ball
1-1: Ball
2-1: Ground out 6-3 (Groundball, 6)
Bottom of the 5th over - 1 run(s), 0 hit(s), 2 error(s), 1 left on base; Myrtle Beach 3 - Mancelona 1
TOP OF THE 6TH
Myrtle Beach Seahawks batting - Pitching for Mancelona Torch : RHP John Castle
Batting: RHB Doug Allerdale 0-0: Ball
1-0: SOLO HOME RUN (Flyball, 7D), Distance : 394 ft
Batting: LHB Joo-young Yo 0-0: Called Strike
0-1: Swinging Strike
0-2: Strikes out swinging
Batting: RHB Andy Llewellyn 0-0: Called Strike
0-1: Ball
1-1: Ball
2-1: Ball
3-1: Foul Ball, location: 2F
3-2: Foul Ball, location: 2F
3-2: Strikes out swinging
Batting: RHB Howard Lee 0-0: Ground out U3 (Groundball, 3)
Top of the 6th over - 1 run(s), 1 hit(s), 0 error(s), 0 left on base; Myrtle Beach 4 - Mancelona 1
BOTTOM OF THE 6TH
Mancelona Torch batting - Pitching for Myrtle Beach Seahawks : LHP Carlos González
Batting: LHB Jim Halpert 0-0: Foul Ball, location: 2F
0-1: Called Strike
0-2: Strikes out swinging
Batting: RHB Alex Vaske 0-0: Ball
1-0: Called Strike
1-1: Ball
2-1: Foul Ball, location: 2F
2-2: Fly out, F7 (Line Drive, 7)
Batting: LHB Yu-zeng Si 0-0: Ball
1-0: Ball
2-0: Called Strike
2-1: Foul Ball, location: 2F
2-2: Ball
3-2: Strikes out swinging
Bottom of the 6th over - 0 run(s), 0 hit(s), 0 error(s), 0 left on base; Myrtle Beach 4 - Mancelona 1
TOP OF THE 7TH
Myrtle Beach Seahawks batting - Pitching for Mancelona Torch : RHP John Castle
Batting: RHB Tucker Kinney 0-0: Ball
1-0: Foul Ball, location: 2F
1-1: Swinging Strike
1-2: Ball
2-2: Ball
3-2: Strikes out looking
Batting: RHB Juan Mata 0-0: Ground out 5-3 (Groundball, 56)
Batting: RHB Aquiles Morda 0-0: Swinging Strike
0-1: Swinging Strike
0-2: Strikes out swinging
Top of the 7th over - 0 run(s), 0 hit(s), 0 error(s), 0 left on base; Myrtle Beach 4 - Mancelona 1
BOTTOM OF THE 7TH
Mancelona Torch batting - Pitching for Myrtle Beach Seahawks : LHP Carlos González
Batting: RHB Kyle Vandenbrink 0-0: Called Strike
0-1: Foul Ball, location: 2F
0-2: Fly out, F9 (Line Drive, 9)
Batting: LHB Alberto Hernández 0-0: Ground out 3-1 (Groundball, 34)
Batting: LHB Badry Maksimenov 0-0: Called Strike
0-1: Foul Ball, location: 2F
0-2: Hit by Pitch
Batting: RHB Tony Lugo 0-0: Ball
1-0: DOUBLE (Line Drive, 5D)
Badry Maksimenov to third
Batting: RHB Ratko Ralevic 0-0: Fly out, F9 (Flyball, 9)
Bottom of the 7th over - 0 run(s), 1 hit(s), 0 error(s), 2 left on base; Myrtle Beach 4 - Mancelona 1
TOP OF THE 8TH
Myrtle Beach Seahawks batting - Pitching for Mancelona Torch : RHP John Castle
Batting: RHB Francisco Moreno 0-0: Ball
1-0: Fly out, F4 (Line Drive, 4M)
Batting: LHB Peter Ough 0-0: Foul Ball, location: 2F
0-1: Ground out 1-3 (Groundball, 13S)
Batting: RHB Doug Allerdale 0-0: Fly out, F6 (Popup, 6)
Top of the 8th over - 0 run(s), 0 hit(s), 0 error(s), 0 left on base; Myrtle Beach 4 - Mancelona 1
BOTTOM OF THE 8TH
Mancelona Torch batting - Pitching for Myrtle Beach Seahawks : LHP Carlos González
Batting: RHB Armando Pacheco 0-0: Called Strike
0-1: Ball
1-1: Swinging Strike
1-2: Ball
2-2: Ball
3-2: Fly out, F7 (Line Drive, 78M)
Batting: LHB Jim Halpert 0-0: Ball
1-0: Foul Ball, location: 2F
1-1: Fly out, F8 (Line Drive, 8LM)
Batting: RHB Alex Vaske 0-0: Ball
1-0: Foul Ball, location: 2F
1-1: Ball
2-1: Swinging Strike
2-2: Strikes out swinging
Bottom of the 8th over - 0 run(s), 0 hit(s), 0 error(s), 0 left on base; Myrtle Beach 4 - Mancelona 1
TOP OF THE 9TH
Myrtle Beach Seahawks batting - Pitching for Mancelona Torch : RHP John Castle
Batting: LHB Joo-young Yo 0-0: Foul Ball, location: 2F
0-1: Ball
1-1: SINGLE (Flyball, 89S)
Batting: RHB Andy Llewellyn 0-0: Ball
1-0: Foul Ball, location: 2F
1-1: Ball
2-1: Ball
3-1: Swinging Strike
3-2: Base on Balls
Joo-young Yo to second
Pitching: RHP Wong Fei-Hung
Batting: RHB Howard Lee 0-0: Ball
1-0: Called Strike
1-1: Ball
2-1: Ball
3-1: Ball
Joo-young Yo to third
Andy Llewellyn to second
Pitching: RHP Ignacio Ayala
Pinch Hitting: RHB Luis Oliva 0-0: Foul Ball, location: 2F
0-1: Ball
1-1: Ball
2-1: Ball
3-1: Foul Ball, location: 2F
3-2: Strikes out swinging
Pinch Hitting: LHB Gabriel Amezquita 0-0: Called Strike
0-1: Foul Ball, location: 2F
0-2: Ball
1-2: Ball
2-2: Ball
3-2: Base on Balls
Joo-young Yo scores
Andy Llewellyn to third
Howard Lee to second
Batting: RHB Aquiles Morda 0-0: Swinging Strike
0-1: Swinging Strike
0-2: Ball
1-2: Strikes out looking
Batting: RHB Francisco Moreno 0-0: Swinging Strike
0-1: Fielders Choice at 2nd, 4-6 (Groundball, 34)
Top of the 9th over - 1 run(s), 1 hit(s), 0 error(s), 2 left on base; Myrtle Beach 5 - Mancelona 1
BOTTOM OF THE 9TH
Mancelona Torch batting - Pitching for Myrtle Beach Seahawks : LHP Carlos González
Now at 2B: Gabriel Amezquita
Now at 3B: Cisco Galindo
Batting: LHB Yu-zeng Si 0-0: SINGLE (Groundball, 34D)
Batting: RHB Kyle Vandenbrink 0-0: Foul Ball, location: 2F
0-1: Fly out, F9 (Flyball, 9)
Batting: LHB Alberto Hernández 0-0: Fly out, F6 (Popup, 6MD)
Batting: LHB Badry Maksimenov 0-0: Called Strike
0-1: Fly out, F8 (Flyball, 8RD)
Bottom of the 9th over - 0 run(s), 1 hit(s), 0 error(s), 1 left on base; Myrtle Beach 5 - Mancelona 1
Wednesday, August 16th, 2017 - OOTP Baseball 17.12 Build 75